 Dungeon Crawl Stone Soup version 0.25-a0-310-g60f0ac2d9a (webtiles) character file.

Game seed: 17832518989057297362, levelgen mode: deterministic

28 MrRokkomies the Vexing (level 3, -3/36 HPs)
             Began as an Ogre Arcane Marksman on Dec 23, 2019.
             Shot with an arrow by a centaur (11 damage)
             ... on level 2 of the Dungeon.
             The game lasted 00:02:56 (1245 turns).

MrRokkomies the Vexing (Ogre Arcane Marksman)       Turns: 1245, Time: 00:02:57

Health: -3/36      AC:  3    Str: 14    XL:     3   Next: 12%
Magic:  4/4        EV: 10    Int: 15    God:
Gold:   78         SH:  0    Dex:  9    Spells: 3/4 levels left

rFire    . . .     SeeInvis .   e - +0 short sword
rCold    . . .     Gourm    .   (no shield)
rNeg     . . .     Faith    .   a - +0 robe
rPois    .         Spirit   .   (helmet restricted)
rElec    .         Reflect  .   (no cloak)
rCorr    .         Harm     .   (gloves unavailable)
MR       .....                  (boots unavailable)
Stlth    +.........             (no amulet)
HPRegen  0.12/turn              (no ring)
MPRegen  0.09/turn              (no ring)

@: no status effects
A: large, unfitting armour, tough skin 1
a: no special abilities


You were on level 2 of the Dungeon.
You were not hungry.

You visited 1 branch of the dungeon, and saw 2 of its levels.

You collected 78 gold pieces.

Inventory:

Hand Weapons
 e - a +0 short sword (weapon)
Missiles
 b - 4 javelins
 c - 2 large rocks
 d - 2 throwing nets
 j - 18 stones (quivered)
Armour
 a - a +0 robe (worn)
Potions
 g - a potion of heal wounds {unknown}
 h - a potion of flight {unknown}
Comestibles
 f - 4 rations


   Skills:
 * Level 2.7 Fighting
 * Level 2.6 Throwing
 - Level 1.7 Dodging
 - Level 1.2 Spellcasting
 + Level 2.9 Hexes


You had 3 spell levels left.
You knew the following spells:

 Your Spells              Type           Power        Failure   Level  Hunger
a - Corona                Hex            #......      7%          1    ##.....

Your spell library contained the following spells:

 Spells                   Type           Power        Failure   Level  Hunger
 Slow                     Hex            #.......     11%         2    ###....
 Inner Flame              Hex/Fire       #.......     36%         3    ####...
 Portal Projectile        Hex/Tloc       #.....       36%         3    ####...
 Cause Fear               Hex            #.........   56%         4    #####..
 Leda's Liquefaction      Hex/Erth       #.........   78%         4    #####..


Dungeon Overview and Level Annotations

Branches:
Dungeon (2/15)

Altars:


Innate Abilities, Weirdness & Mutations

You are too large for most types of armour.
You have tough skin. (AC +1)


Message History

A centaur comes into view.
The centaur shouts!
The centaur wields a +0 shortbow.
The centaur shoots an arrow.
The arrow hits you!
A rat comes into view.
The centaur shoots an arrow.
The arrow hits you!
* * * LOW HITPOINT WARNING * * *
You hear a shout!
You see here 2 arrows.
Fire/throw which item? (* to show all) (? for menu, Esc to quit)
Throwing (i - inventory. (/) - cycle)
j - 18 stones (quivered)
Press: ? - help, Shift-Dir - straight line, f - centaur
Aim: a centaur, wielding a +0 shortbow and quivering 14 arrows You throw a large rock.
The large rock hits the centaur!!
The centaur is almost dead.
The centaur shoots an arrow.
The arrow closely misses you.
A goblin comes into view.
The centaur shoots an arrow.
The arrow closely misses you.
The centaur shoots an arrow.
The arrow hits you!
You die...

...( .... .gc.
..r #######.##
#### .........#
#... ......[.(#
#.. #.##
........(# #.#
##'##
.......@.## #.#
#....
....?.^...# #.#
#....
.....(..#.###.#
#....
#########..##.#
##'## ##.##.#
#.# #..#.# #)#
##.#.# # ###)##
#.#.# #.#.....
#...# #.#.....


You could see a centaur, a goblin and a rat.

Vanquished Creatures
  2 worms (D:2)
  A dart slug (D:1)
  3 bats (D:1)
  4 giant cockroaches
  A hobgoblin (D:1)
  3 kobolds (D:2)
  A ball python (D:2)
  2 frilled lizards
  A goblin (D:2)
  2 rats (D:1)
20 creatures vanquished.

Notes
Turn   | Place    | Note
-------+----------+-------------------------------------------
     0 | D:1      | MrRokkomies the Ogre Arcane Marksman began the quest for
                  | the Orb.
     0 | D:1      | Reached XP level 1. HP: 19/19 MP: 2/2
   376 | D:1      | Reached XP level 2. HP: 14/28 MP: 3/3
  1196 | D:2      | Reached XP level 3. HP: 25/36 MP: 4/4
  1242 | D:2      | Noticed a centaur
  1245 | D:2      | Shot with an arrow by a centaur

Levels and vault maps discovered:
D:1:      giann_bridges, layout_rooms
D:2:      layout_basic

Skill      XL: |  1 |
---------------+----+-----
Fighting       | 2 |  2.7
Throwing       | |  2.6
Dodging        | |  1.7
Spellcasting   | |  1.2
Hexes          | |  2.9

Action                   || total
-------------------------++-------
Melee: Unarmed           ||    57
       Short sword       ||    56
Throw: Javelin           ||     5
       Stone             ||    23
       Large rock        ||     3
  Use: Scroll            ||     1
  Eat: Chunk             ||     1
Armor: Robe              ||    67
Dodge: Dodged            ||    86

Table legend:
 A = Non-vault XP
 B = Vault XP
 C = Vault XP percentage of total XP
 D = Non-vault monster count
 E = Vault monster count
 F = Vault count percentage of total count
                 A         B        C        D         E       F
            +---------+---------+-------+---------+---------+-------
      Total |      40 |       0 |   0.0 |      20 |       0 |   0.0
            +---------+---------+-------+---------+---------+-------
        D:1 |      20 |       0 |   0.0 |      11 |       0 |   0.0
        D:2 |      20 |       0 |   0.0 |       9 |       0 |   0.0
            +---------+---------+-------+---------+---------+-------
